 Dungeon Crawl Stone Soup version 0.31-a0-691-g409c26aa35 (webtiles) character file.

Game seed: 8139695261356207631

55 qw the Shooter (level 3, -5/23 HPs)
             Began as a Gargoyle Hunter on Sept 6, 2023.
             Slain by a gnoll
             ... wielding a +3 flail
              (8 damage)
             ... on level 2 of the Dungeon.
             The game lasted 00:00:22 (981 turns).

qw the Shooter (Gargoyle Hunter)                     Turns: 981, Time: 00:00:23

Health: -5/23      AC:  6    Str: 14    XL:     3   Next: 93%
Magic:  3/3        EV: 11    Int:  9    God:
Gold:   109        SH:  0    Dex: 15    Spells: 2/2 levels left

rFire   . . .        Y - +0 shortbow
rCold   . . .        (shield currently unavailable)
rNeg    + . .        c - +0 leather armour
rPois   inf          (no helmet)
rElec   +            (no cloak)
rCorr   .            (no gloves)
SInv    +            (no boots)
Will    .....        (no amulet)
Stlth   ++           h - ring of see invisible
HPRegen 0.23/turn    (no ring)
MPRegen 0.08/turn

%: no passive effects
@: no status effects
A: sickness immunity, AC +3, negative energy resistance 1, electricity
resistance, torment resistance 1, petrification resistance
a: no special abilities


You were on level 2 of the Dungeon.
You visited 1 branch of the dungeon, and saw 2 of its levels.

You collected 109 gold pieces.


Innate Abilities, Weirdness & Mutations

You are immune to sickness and miasma.
Your stone body is resilient. (AC +3)
You are immune to poison.
You resist negative energy. (rN+)
You are resistant to electric shocks. (rElec)
You are resistant to unholy torment.
You are immune to petrification.


   Skills:
 - Level 3.1 Fighting
 + Level 5.0 Ranged Weapons
 - Level 1.5 Dodging
 - Level 1.1 Stealth


You had 2 spell levels left.
You didn't know any spells.
Your spell library was empty.

Inventory:

Hand Weapons
 Y - a +0 shortbow (weapon)
Armour
 c - a +0 leather armour (worn)
Jewellery
 a - a ring of magical power
 h - a ring of see invisible (left hand)
Potions
 b - a potion of curing {unknown}
 d - a potion of lignification {unknown}
 e - 2 potions of resistance {unknown}
 g - a potion of attraction {unknown}
 l - a potion of might {unknown}

Dungeon Overview and Level Annotations

Branches:
Dungeon (2/15)

Altars:


Message History

The endoplasm moves out of view.
You shoot an arrow. The arrow closely misses the gnoll.
The arrow barely misses the frilled lizard.
The arrow hits the gnoll but does no damage.
You shoot an arrow. The arrow hits the gnoll.
The gnoll is lightly wounded.
A gnoll comes into view. It is wielding a +0 whip.
You shoot an arrow. The arrow hits the gnoll.
The gnoll is lightly wounded.
The gnoll closely misses you.
Enter note:
975 |||
Found retreat position at -1,0 (floor) with 0 blocking monsters and 1 monsters attacking at destination at distance 1
Enter note:
975 ||| Stepping ~*~*~tactically~*~*~ (retreating).
The gnoll barely misses you.
You shoot an arrow. The arrow hits the gnoll.
The gnoll is moderately wounded.
You hear a shout!
The gnoll closely misses you.
You shoot an arrow. The arrow barely misses the gnoll.
The arrow hits the gnoll.
The gnoll is heavily wounded.
The gnoll hits you with a +0 spear.
You shoot an arrow. The arrow hits the gnoll!
You kill the gnoll!
The gnoll barely misses you.
Your Fighting skill increases to level 3!
You shoot an arrow.
The arrow hits the gnoll but does no damage.
The gnoll is lightly wounded.
The gnoll hits you with a +3 flail!
Ouch! That really hurt!
You shoot an arrow. The arrow hits the gnoll.
The gnoll is moderately wounded.
A quokka comes into view.
The gnoll hits you with a +3 flail.
The quokka moves out of view.
You shoot an arrow.
The arrow hits the gnoll but does no damage.
The gnoll is moderately wounded.
The gnoll hits you with a +3 flail!
You die...

.######.(...#....#
##.#######..
#....#....# .
####.#.#... #.
#.#.#.## .#.# #...#.#
.... ##.##.#
#.l############.##.##
#gg@.........#.##...
#.####............##
#.......#####.#.####
#.#####.# #.#.#
#.#####.#.###
#...........###
#..............
#.######.##.### ..
#.##.#


You could see 2 gnolls and a frilled lizard.

Vanquished Creatures
  A gnoll (D:2)
  An adder (D:2)
  A dart slug (D:1)
  3 bats
  4 endoplasms (D:1)
  2 giant cockroaches (D:1)
  A goblin (D:1)
  3 hobgoblins
  4 jackals (D:1)
  A quokka (D:1)
  A ball python (D:2)
  4 frilled lizards
  4 kobolds (D:1)
  2 rats (D:1)
32 creatures vanquished.

Notes
Turn   | Place    | Note
-------+----------+-------------------------------------------
     0 | D:1      | qw the Gargoyle Hunter began the quest for the Orb.
     0 | D:1      | Reached XP level 1. HP: 12/12 MP: 1/1
     0 | D:1      | 0 ||| qw: Version: 0.3-a-76-g4403597
     0 | D:1      | 0 ||| qw: Game counter: 16
     0 | D:1      | 0 ||| qw: Melee chars always use a shield: true
     0 | D:1      | 0 ||| qw: God list: Okawaru
     0 | D:1      | 0 ||| qw: Allow faded altars: false
     0 | D:1      | 0 ||| qw: Do Orc after clearing Dungeon:15 true
     0 | D:1      | 0 ||| qw: Do second Lair branch before Depths: true
     0 | D:1      | 0 ||| qw: Lair rune preference: random
     0 | D:1      | 0 ||| qw: Goals: Normal
     0 | D:1      | 0 ||| PLANNING D:1-11
   114 | D:1      | Reached XP level 2. HP: 17/17 MP: 2/2
   303 | D:1      | Found a faded altar of an unknown god.
   551 | D:1      | Reached XP level 3. HP: 21/21 MP: 3/3
   561 | D:1      | Reached skill level 5 in Ranged Weapons
   691 | D:1      | 691 ||| UPGRADING to ring of see invisible.
   692 | D:1      | 692 ||| READING 3 scrolls labelled BUOXUI PYLU.
   693 | D:1      | 693 ||| READING scroll labelled NYROVI SENTAP.
   694 | D:1      | 694 ||| READING scroll labelled BUSTEYNYNE.
   695 | D:1      | 695 ||| READING scroll labelled ODDUBBEAPH.
   700 | D:1      | 700 ||| DROPPING 2 scrolls of vulnerability.
   701 | D:1      | 701 ||| DROPPING scroll of butterflies.
   975 | D:2      | 975 ||| Stepping ~*~*~tactically~*~*~ (retreating).
   979 | D:2      | Reached skill level 3 in Fighting
   979 | D:2      | HP: 5/23 [gnoll/+3 flail (14)]
   981 | D:2      | Slain by a gnoll

Levels and vault maps discovered:
D:1:      shiori_arrival_maze, layout_basic, basic_ecumenical_altar,
          chequers_serial_rivers_large_b, minivault_24, nrook_mini_backslash,
          minmay_distorted
D:2:      layout_loops_ring, uniq_sigmund

Skill      XL: |  1  2  3 |
---------------+----------+-----
Ranged Weapons | 5 |  5.0
Fighting       | 3 |  3.1
Dodging        | |  1.5
Stealth        | |  1.1

Action                     || total
---------------------------++-------
   Fire: Shortbow          ||    81
    Use: Scroll            ||     4
 Armour: Leather armour    ||    20
  Dodge: Dodged            ||    23

Table legend:
 A = Non-vault XP
 B = Vault XP
 C = Vault XP percentage of total XP
 D = Non-vault monster count
 E = Vault monster count
 F = Vault count percentage of total count
                 A         B        C        D         E       F
            +---------+---------+-------+---------+---------+-------
      Total |      72 |       7 |   8.9 |      29 |       3 |   9.4
            +---------+---------+-------+---------+---------+-------
        D:1 |      37 |       7 |  15.9 |      22 |       3 |  12.0
        D:2 |      35 |       0 |   0.0 |       7 |       0 |   0.0
            +---------+---------+-------+---------+---------+-------
